 Dungeon Crawl Stone Soup version 0.22-a0-803-gd6d8abe (webtiles) character file.

46 sking99 the Ruffian (level 3, -2/36 HPs)
             Began as an Ogre Transmuter on July 22, 2018.
             Was an Initiate of Gozag.
             Killed from afar by Ijyb (9 damage)
             ... with a wand of flame (18)
             ... on level 3 of the Dungeon.
             The game lasted 00:02:39 (2807 turns).

sking99 the Ruffian (Ogre Transmuter)               Turns: 2807, Time: 00:02:40

Health: -2/36      AC:  3    Str: 14    XL:     3   Next: 66%
Magic:  6/6        EV: 10    Int: 14    God:    Gozag
Gold:   137        SH:  0    Dex: 10    Spells: 3/6 levels left

rFire    . . .     SeeInvis .     - Unarmed
rCold    . . .     Gourm    .   (no shield)
rNeg     . . .     Faith    .   b - +0 robe
rPois    .         Spirit   .   (helmet restricted)
rElec    .         Reflect  .   (no cloak)
rCorr    .         Harm     .   (gloves unavailable)
MR       .....                  (boots unavailable)
Stlth    +.........             (no amulet)
HPRegen  0.12/turn              (no ring)
MPRegen  0.10/turn              (no ring)

@: no status effects
A: large, unfitting armour, tough skin 1
a: Potion Petition, Call Merchant, Bribe Branch, Renounce Religion


You were on level 3 of the Dungeon.
You worshipped Gozag.
Gozag was aware of your devotion.
You were not hungry.

You visited 1 branch of the dungeon, and saw 3 of its levels.

You collected 191 gold pieces.
You paid 54 gold pieces to Gozag.

Inventory:

Missiles
 a - 12 arrows
Armour
 b - a +0 robe (worn)
Jewellery
 c - a cursed ring of teleportation {unknown}
Scrolls
 f - a scroll of fear {unknown}
 g - 2 scrolls of remove curse {unknown}
 h - 4 scrolls of identify {unknown}
 i - a scroll of teleportation {unknown}
 j - 2 scrolls of fog {unknown}
 m - a scroll of enchant weapon {unknown}
 o - a scroll of noise {unknown}
Potions
 e - a potion of curing
 k - a potion of invisibility {unknown}
 l - a potion of flight {unknown}
 n - a potion of mutation {unknown}
Comestibles
 d - 6 rations


   Skills:
 + Level 2.8 Fighting
 - Level 1.7 Dodging
 * Level 3.7 Unarmed Combat
 - Level 2.4 Spellcasting
 - Level 1.7 Transmutations


You had 3 spell levels left.
You knew the following spells:

 Your Spells              Type           Power        Failure   Level  Hunger
a - Beastly Appendage     Tmut           #.....       11%         1    #......
b - Sticks to Snakes      Tmut           #.......     17%         2    ###....

Your spell library contained the following spells:

 Spells                   Type           Power        Failure   Level  Hunger
 Spider Form              Tmut/Pois      #.........   43%         3    ###....
 Blade Hands              Tmut           #.........   97%         5    ######.
 Ice Form                 Ice/Tmut       #.......     85%         4    #####..


Dungeon Overview and Level Annotations

Branches:
Dungeon (3/15)

Altars:
Ashenzari
Gozag
Nemelex Xobeh
Okawaru
Qazlal
Vehumet

Annotations:
D:3 Ijyb


Innate Abilities, Weirdness & Mutations

You are too large for most types of armour.
You have tough skin. (AC +1)


Message History

Ijyb is moderately wounded.
Ijyb barely misses you.
Okay, then.
It was a potion of curing.
You feel better.
You closely miss Ijyb. You claw Ijyb.
Ijyb is heavily wounded.
Ijyb hits you but does no damage.
You barely miss Ijyb.
Ijyb is heavily wounded.
Ijyb zaps a wand.
The puff of flame hits you!
* * * LOW HITPOINT WARNING * * *
You closely miss Ijyb.
Ijyb is heavily wounded.
Ijyb closely misses you.
You hit Ijyb. Your kick misses Ijyb.
Ijyb is severely wounded.
Your talons disappear.
Ijyb zaps a wand.
The puff of flame hits you!
You die...
Your body crumbles into a pile of gold.

##### ###
##...##!..
##.........
#.....!....
#..........
#<.........
##.<.......
#.@...##...
#g##### #.
.. .## #. #


You could see Ijyb.

Vanquished Creatures
  An adder (D:2)
  A dart slug (D:2)
  2 leopard geckos (D:1)
  2 giant cockroaches (D:1)
  5 goblins
  4 hobgoblins
  2 kobolds (D:1)
  A ball python (D:1)
  7 bats
  3 frilled lizards
  4 rats (D:1)
  A fungus (D:1)
33 creatures vanquished.

Notes
Turn   | Place    | Note
-------+----------+-------------------------------------------
     0 | D:1      | sking99 the Ogre Transmuter began the quest for the Orb.
     0 | D:1      | Reached XP level 1. HP: 19/19 MP: 3/3
   316 | D:1      | Reached skill level 3 in Unarmed Combat
   512 | D:1      | Reached XP level 2. HP: 11/28 MP: 5/5
  1106 | D:1      | Learned a level 2 spell: Sticks to Snakes
  1441 | D:1      | Reached XP level 3. HP: 35/36 MP: 6/6
  1661 | D:2      | Found a stormy altar of Qazlal.
  2169 | D:2      | Found a sparkling altar of Nemelex Xobeh.
  2169 | D:2      | Found an opulent altar of Gozag.
  2352 | D:2      | Found an iron altar of Okawaru.
  2622 | D:2      | Found a radiant altar of Vehumet.
  2633 | D:2      | Found a shattered altar of Ashenzari.
  2777 | D:2      | Became a worshipper of Gozag Ym Sagoz the Greedy
  2788 | D:3      | Noticed Ijyb
  2807 | D:3      | Killed from afar by Ijyb

Vault maps used:
D:1:      onia_arrival_mini_spirals, dk_noncrumbling_3, minmay_gold_behind_fungi
D:2:      grunt_temple_overflow_opulence, nicolae_overflow_quartered_altars,
          minmay_ruptured
D:3:      nicolae_overflow_crystal_walls, tso_metal_star, portal_sewer_entry_b,
          minivault_5, uniq_ijyb, uniq_sigmund, uniq_natasha

Skill      XL: |  1  2 |
---------------+-------+-----
Unarmed Combat | 3 |  3.7
Fighting       | 2 |  2.8
Dodging        | |  1.7
Spellcasting   | |  2.4
Transmutations | |  1.7

Action                   || total
-------------------------++-------
Melee: Unarmed           ||   165
       Kick              ||     2
       Headbutt          ||     1
 Cast: Beastly Appendage ||     2
  Use: Potion            ||     1
  Eat: Chunk             ||     4
       Ration            ||     1
Armor: Robe              ||    34
Dodge: Dodged            ||    69

Table legend:
 A = Spawn XP
 B = Non-spawn XP
 C = Spawn XP percentage of total XP
 D = Spawn monster count
 E = Non-spawn monster count
 F = Spawn count percentage of total count
 G = Total turns spent on level
                    A         B        C        D         E        F      G
               +---------+---------+-------+---------+---------+-------+---------
         Total |       0 |      66 |   0.0 |       0 |      32 |   0.0 |  2807
               +---------+---------+-------+---------+---------+-------+---------
           D:1 |       0 |      35 |   0.0 |       0 |      21 |   0.0 |  1652
           D:2 |       0 |      31 |   0.0 |       0 |      11 |   0.0 |  1136
               +---------+---------+-------+---------+---------+-------+---------
